 Dungeon Crawl Stone Soup version 0.27.1-1-g398f81649c (webtiles) character file.

Game seed: 16985379015535559486

208 MisterFreud the Covert (level 5, -1/47 HPs)
             Began as a Gnoll Delver on Sept 10, 2021.
             Killed from afar by a white imp (8 damage)
             ... with a puff of frost
             ... on level 5 of the Dungeon.
             The game lasted 00:00:51 (109 turns).

MisterFreud the Covert (Gnoll Delver)                Turns: 109, Time: 00:00:51

Health: -1/47      AC:  3    Str: 11    XL:     5   Next: 86%
Magic:  7/7        EV: 13    Int: 11    God:
Gold:   0          SH:  0    Dex: 13    Spells: 7/7 levels left

rFire    . . .     SeeInvis .   a - +0 short sword
rCold    . . .     Faith    .   (no shield)
rNeg     . . .     Spirit   .   b - +0 leather armour
rPois    .         Reflect  .   (no helmet)
rElec    .         Harm     .   (no cloak)
rCorr    .         Rampage  .   (no gloves)
Will     .....                  (no boots)
Stlth    ++++......             (no amulet)
HPRegen  0.15/turn              (no ring)
MPRegen  0.10/turn              (no ring)

@: no status effects
A: fangs 1, strong nose, distributed training
a: no special abilities


You were on level 5 of the Dungeon.
You visited 1 branch of the dungeon, and saw 1 of its levels.

Inventory:

Hand Weapons
 a - a +0 short sword (weapon)
Armour
 b - a +0 leather armour (worn)
Wands
 g - a wand of digging (3)
Scrolls
 c - a scroll of fog
 d - a scroll of magic mapping
 e - a scroll of fear
Potions
 f - a potion of haste


   Skills:
 + Level 6.7 Fighting
 + Level 4.8 Short Blades
 + Level 1.6 Long Blades
 + Level 1.6 Axes
 + Level 1.6 Maces & Flails
 + Level 1.6 Polearms
 + Level 1.6 Staves
 + Level 1.6 Slings
 + Level 1.6 Bows
 + Level 1.6 Crossbows
 + Level 1.6 Throwing
 + Level 1.6 Armour
 + Level 4.8 Dodging
 + Level 9.7 Stealth
 + Level 1.6 Shields
 + Level 1.6 Unarmed Combat
 + Level 1.6 Spellcasting
 + Level 1.3 Conjurations
 + Level 1.3 Hexes
 + Level 1.3 Summonings
 + Level 1.3 Necromancy
 + Level 1.3 Translocations
 + Level 1.3 Transmutations
 + Level 1.3 Fire Magic
 + Level 1.3 Ice Magic
 + Level 1.3 Air Magic
 + Level 1.3 Earth Magic
 + Level 1.3 Poison Magic
 + Level 1.9 Invocations
 + Level 1.6 Evocations


You had 7 spell levels left.
You didn't know any spells.
Your spell library was empty.

Dungeon Overview and Level Annotations

Branches:
Dungeon (5/15)
 Temple: D:4-7

Altars:


Innate Abilities, Weirdness & Mutations

You have very sharp teeth.
Your uncanny sense of smell can sniff out nearby items.
Your experience applies equally to all skills.


Message History

The phantom closely misses you.
You hit the phantom.
The phantom is heavily damaged.
The phantom hits you!
You barely miss the phantom.
The phantom is heavily damaged.
The phantom hits you!
The phantom blinks!
You blink.
The phantom misses you.
You hit the phantom but do no damage.
The phantom is heavily damaged.
The phantom closely misses you.
You hit the phantom.
The phantom is heavily damaged.
The phantom hits you.
You are too injured to fight recklessly!
You are too injured to fight recklessly!
You are too injured to fight recklessly!
You are too injured to fight recklessly!
You hit the phantom.
The phantom is severely damaged.
The phantom barely misses you.
You barely miss the phantom. Your bite misses the phantom.
The phantom is severely damaged.
You hit the phantom.
The phantom is almost destroyed.
The phantom hits you.
The phantom blinks!
You blink.
You hit the phantom.
The phantom is almost destroyed.
The phantom hits you.
The phantom blinks!
You blink.
A white imp and a necrophage come into view.
Found 8 gold pieces, a scroll labelled HUESHR NENOR AMEEPS and 23 bolts.
You hit the phantom.
You destroy the phantom!
The white imp gestures at you. The puff of frost hits you!
* * * LOW HITPOINT WARNING * * *
Unknown command.
The white imp gestures at you. The puff of frost hits you!
You die...

##......... #.(........
#.....?.... #...5......
#.....$...# ###
#.(.......## .....
#...##.n........##.....
........(..............#
.......@...............#
........................
........................
............(..........#
#...#.........§.##......
...##..........###......
... ....................
.. .....###.............
### #.....§.......


You could see a necrophage and a white imp.

Vanquished Creatures
  A water moccasin (D:5)
  A phantom (D:5)
  A hound (D:5)
3 creatures vanquished.

Notes
Turn   | Place    | Note
-------+----------+-------------------------------------------
     0 | D:5      | Reached skill level 9 in Stealth
     0 | D:5      | MisterFreud the Gnoll Delver began the quest for the Orb.
     0 | D:5      | Reached XP level 1. HP: 23/23 MP: 1/1
     9 | D:5      | Noticed a water moccasin
    12 | D:5      | Killed a water moccasin
    13 | D:5      | Reached skill level 1 in Long Blades
    13 | D:5      | Reached skill level 1 in Axes
    13 | D:5      | Reached skill level 1 in Maces & Flails
    13 | D:5      | Reached skill level 1 in Polearms
    13 | D:5      | Reached skill level 1 in Staves
    13 | D:5      | Reached skill level 1 in Slings
    13 | D:5      | Reached skill level 1 in Bows
    13 | D:5      | Reached skill level 1 in Crossbows
    13 | D:5      | Reached skill level 1 in Throwing
    13 | D:5      | Reached skill level 1 in Armour
    13 | D:5      | Reached skill level 1 in Shields
    13 | D:5      | Reached skill level 1 in Unarmed Combat
    13 | D:5      | Reached skill level 1 in Spellcasting
    13 | D:5      | Reached skill level 1 in Conjurations
    13 | D:5      | Reached skill level 1 in Hexes
    13 | D:5      | Reached skill level 1 in Summonings
    13 | D:5      | Reached skill level 1 in Necromancy
    13 | D:5      | Reached skill level 1 in Translocations
    13 | D:5      | Reached skill level 1 in Transmutations
    13 | D:5      | Reached skill level 1 in Fire Magic
    13 | D:5      | Reached skill level 1 in Ice Magic
    13 | D:5      | Reached skill level 1 in Air Magic
    13 | D:5      | Reached skill level 1 in Earth Magic
    13 | D:5      | Reached skill level 1 in Poison Magic
    13 | D:5      | Reached skill level 1 in Invocations
    13 | D:5      | Reached skill level 1 in Evocations
    13 | D:5      | Reached XP level 2. HP: 29/29 MP: 1/3
    13 | D:5      | Reached XP level 3. HP: 35/35 MP: 1/4
    13 | D:5      | Reached XP level 4. HP: 41/41 MP: 1/5
    51 | D:5      | Reached XP level 5. HP: 47/47 MP: 4/7
    75 | D:5      | Noticed a phantom
   107 | D:5      | Noticed a necrophage
   108 | D:5      | Killed a phantom
   109 | D:5      | Killed from afar by a white imp

Illustrated notes

Levels and vault maps discovered:
D:5:      layout_rooms, temple_green, kennysheep_cross_bottleneck,
          minmay_fractal_squares_gapless_5, uniq_ijyb

Skill      XL: |  1 |
---------------+----+-----
Stealth        | |  9.7
Long Blades    | 1 |  1.6
Axes           | 1 |  1.6
Maces & Flails | 1 |  1.6
Polearms       | 1 |  1.6
Staves         | 1 |  1.6
Slings         | 1 |  1.6
Bows           | 1 |  1.6
Crossbows      | 1 |  1.6
Throwing       | 1 |  1.6
Armour         | 1 |  1.6
Shields        | 1 |  1.6
Unarmed Combat | 1 |  1.6
Spellcasting   | 1 |  1.6
Conjurations   | 1 |  1.3
Hexes          | 1 |  1.3
Summonings     | 1 |  1.3
Necromancy     | 1 |  1.3
Translocations | 1 |  1.3
Transmutations | 1 |  1.3
Fire Magic     | 1 |  1.3
Ice Magic      | 1 |  1.3
Air Magic      | 1 |  1.3
Earth Magic    | 1 |  1.3
Poison Magic   | 1 |  1.3
Invocations    | 1 |  1.9
Evocations     | 1 |  1.6
Fighting       | |  6.7
Short Blades   | |  4.8
Dodging        | |  4.8

Action                   |  1- 3 |  4- 6 || total
-------------------------+-------+-------++-------
Melee: Short sword       |     1 |    20 ||    21
       Bite              |       |     1 ||     1
 Stab: Sleeping          |     1 |     1 ||     2
Armor: Leather armour    |       |     2 ||     2
Dodge: Dodged            |       |    10 ||    10
